 Dungeon Crawl Stone Soup version 0.29.1-2-gbd0b4ee654 (webtiles) character file.

Game seed: 6168263676095846821

630 Garga the Cleaver (level 7, -8/61 HPs)
             Began as a Hill Orc Fighter on Nov 24, 2022.
             Was an Initiate of Beogh.
             Mangled by a shadow (26 damage)
             ... created by the darkness of Dithmenos
             ... on level 4 of the Dungeon.
             The game lasted 00:19:58 (3995 turns).

Garga the Cleaver (Hill Orc Fighter)                Turns: 3995, Time: 00:19:59

Health: -8/61      AC: 15    Str: 21    XL:     7   Next: 48%
Magic:  7/7        EV: 10    Int:  8    God:    Beogh [......]
Gold:   103        SH:  5    Dex: 10    Spells: 6/6 levels left

rFire   . . .      SeeInvis .   B - +0 battleaxe
rCold   . . .      Faith    .   (shield currently unavailable)
rNeg    . . .      Spirit   .   C - +0 plate armour
rPois   .          Reflect  +   m - +0 helmet
rElec   .          Harm     .   k - +0 cloak
rCorr   .          Rampage  .   g - +0 pair of gloves
Will    .....                   (no boots)
Stlth   ..........              A - amulet of reflection
HPRegen 0.20/turn               p - ring of flight
MPRegen 0.10/turn               t - +4 ring of evasion

@: flying
A: no striking features
a: Renounce Religion


You were on level 4 of the Dungeon.
You worshipped Beogh.
Beogh was noncommittal.
You visited 1 branch of the dungeon, and saw 6 of its levels.

You collected 155 gold pieces.
You spent 52 gold pieces at shops.

Inventory:

Hand Weapons
 B - a +0 battleaxe (weapon)
Missiles
 z - a throwing net (quivered)
Armour
 g - a +0 pair of gloves (worn)
 k - a +0 cloak (worn)
 m - a +0 helmet (worn)
 C - a +0 plate armour (worn)
Jewellery
 p - a ring of flight (left hand)
 t - a +4 ring of evasion (right hand)
 A - an amulet of reflection (around neck)
Wands
 y - a wand of flame (19)
Scrolls
 a - 2 scrolls of identify
 b - a scroll of teleportation {unknown}
 e - 2 scrolls of vulnerability
 l - a scroll of noise {unknown}
 q - a scroll of silence {unknown}
 r - a scroll of fear {unknown}
 s - 2 scrolls of magic mapping
 u - 2 scrolls of amnesia
 v - a scroll of enchant weapon {unknown}
Potions
 d - a potion of might
 h - 3 potions of lignification
 o - a potion of mutation
 w - 2 potions of cancellation
 x - 3 potions of curing


   Skills:
 + Level 5.2 Fighting
 * Level 8.9 Axes
 + Level 4.4 Armour
 + Level 0.5 Dodging
 - Level 3.5 Shields


You had 6 spell levels left.
You didn't know any spells.
Your spell library contained the following spells:

 Spells                   Type           Power      Damage    Failure   Level
 Gell's Gravitas          Tloc           0%         N/A       100%        3
 Teleport Other           Tloc           0%         N/A       100%        3
 Dispersal                Tloc           0%         N/A       100%        6


Dungeon Overview and Level Annotations

Branches:
Dungeon (6/15)
 Temple: D:4-7

Altars:
Dithmenos
Hepliaklqana

Shops:
D:4 (   D:5 ?


Message History

You slash the gnoll!
You kill the gnoll!
Beogh accepts your kill.
You start resting.
Dithmenos calls forth shadows to punish you.
A shadow demon and 3 shadows come into view.
The shadow moves out of view.
The shadow slips into darkness.
The shadow flickers and vanishes!
Deactivating autopickup; reactivate with Ctrl-A.
The shadow hits you. The shadow attacks as you move away! The shadow hits you!
You block the shadow's attack.
The shadow slips into darkness.
The shadow flickers and vanishes!
The shadow attacks as you move away! The shadow hits you.
The shadow attacks as you move away! The shadow closely misses you.
The shadow attacks as you move away! The shadow hits you.
You swap places.
The shadow strikes at the orc priest from the darkness!
Reactivating autopickup.
The orc priest barely misses the shadow.
The shadow slips into darkness.
The shadow flickers and vanishes!
Deactivating autopickup; reactivate with Ctrl-A.
The shadow strikes at you from the darkness!
Reactivating autopickup.
The shadow attacks as you move away! You block the shadow's attack.
The shadow slips into darkness.
The shadow flickers and vanishes!
Deactivating autopickup; reactivate with Ctrl-A.
You swap places.
The shadow strikes at you from the darkness!
* * * LOW HITPOINT WARNING * * *
Reactivating autopickup.
The shadow slips into darkness.
The shadow flickers and vanishes!
Deactivating autopickup; reactivate with Ctrl-A.
The shadow strikes at you from the darkness!
You die...

...8..#.# ###.....
##...)#.# #....... .#
.......2#####...#
.#...
.###..#.....#...##.#..
#.###.#.W).W....>....
###.###.....#...#..#.#
.... #.#####...#..#.#
.... ...# #........#
##....### ##..@.####
#... #....# #..
####)############# #.
#)#...........# #
#.#.##........#.#
#.#.##.....8[.#.#
#...))<.........#
###.##...>....#
#.###.......###


You could see a shadow.

Vanquished Creatures
  Grinder (D:3)
  An orc warrior (D:3)
  A hound (D:4)
  A gnoll bouda (D:4)
  Terence (D:2)
  An orc wizard (D:4)
  Robin (D:2)
  7 gnolls (D:4)
  5 adders
  2 worms
  2 dart slugs
  6 orcs
  10 ball pythons
  6 endoplasms
  5 giant cockroaches
  13 goblins
  8 hobgoblins
  4 jackals
  7 quokkas
  5 bats
  A frilled lizard (D:2)
  6 kobolds
  6 rats
100 creatures vanquished.

Vanquished Creatures (others)
  An orc priest (D:4)
  An orc (D:4)
2 creatures vanquished.

Grand Total: 102 creatures vanquished

Notes
Turn   | Place    | Note
-------+----------+-------------------------------------------
     0 | D:1      | Garga the Hill Orc Fighter began the quest for the Orb.
     0 | D:1      | Reached XP level 1. HP: 19/19 MP: 1/1
   315 | D:1      | Reached XP level 2. HP: 27/27 MP: 2/2
   607 | D:1      | Reached skill level 3 in Axes
   849 | D:1      | Reached XP level 3. HP: 32/33 MP: 3/3
  1269 | D:2      | Noticed Robin
  1575 | D:2      | Killed Robin
  1642 | D:2      | Reached skill level 4 in Axes
  1664 | D:2      | Reached XP level 4. HP: 40/40 MP: 4/4
  1735 | D:2      | Noticed Terence
  1741 | D:2      | Killed Terence
  1948 | D:2      | Found the +4 dagger "Morg" {pain, Will+ Int+5}
  2006 | D:2      | Reached skill level 5 in Axes
  2006 | D:2      | Reached XP level 5. HP: 47/47 MP: 5/5
  2471 | D:3      | Noticed Grinder
  2484 | D:3      | Killed Grinder
  2485 | D:3      | Reached skill level 7 in Axes
  2485 | D:3      | Reached XP level 6. HP: 11/55 MP: 6/6
  2771 | D:3      | Found a faded altar of an unknown god.
  2786 | D:3      | Prayed at the altar of an unknown god.
  2786 | D:3      | Became a worshipper of Dithmenos the Shadowed
  2786 | D:3      | Reached * piety under Dithmenos
  2916 | D:3      | Found a hazy altar of Hepliaklqana.
  2924 | D:3      | You are sucked into a shaft and drop 3 floors!
  2938 | D:5      | Entered Level 5 of the Dungeon
  2943 | D:5      | Found Tiujuila's Magic Scroll Emporium.
  2947 | D:5      | Bought a scroll of identify for 26 gold pieces
  2947 | D:5      | Bought a scroll of identify for 26 gold pieces
  2953 | D:4      | Found Hyrch's Weapon Shop.
  3360 | D:4      | Reached skill level 5 in Fighting
  3435 | D:4      | Noticed an orc warrior
  3454 | D:4      | Reached XP level 7. HP: 61/61 MP: 7/7
  3469 | D:3      | Reached skill level 8 in Axes
  3686 | D:4      | Fell from the grace of Dithmenos
  3686 | D:4      | Became a worshipper of Beogh the Brigand
  3966 | D:4      | Noticed a shadow
  3966 | D:4      | Noticed a shadow
  3966 | D:4      | Noticed a shadow demon
  3966 | D:4      | Noticed a shadow
  3995 | D:4      | Mangled by a shadow

Illustrated notes

Levels and vault maps discovered:
D:1:      dpeg_arrival_line_fractal, layout_basic, st_stairs_3,
          hangedman_decor_growths, minmay_distorted
D:2:      layout_rooms, uniq_terence, uniq_robin
D:3:      layout_basic, mainiacjoe_overflow_24_doors, basic_ecumenical_altar,
          kennysheep_nondescript, minmay_misc_feat_x, uniq_grinder
D:4:      layout_loops_cross, general_overflow_altar, minmay_misc_feat_hallway,
          kennysheep_diamond, nicolae_stop_n_shop_1, guppyfry_early_orc_mine
D:5:      layout_gridville, mainiacjoe_overflow_two_lobes, serial_shops, shop,
          nrook_uturn, minmay_misc_feat_columns, kennysheep_minor_cross
D:6:      layout_cave_pools, mainiacjoe_overflow_concentric_impassable,
          minmay_temple_entry_stoned_glass

Skill      XL: |  1  2  3  4  5  6  7 |
---------------+----------------------+-----
Fighting       | 4 5 |  5.2
Axes           | 3 4 5 7 8 |  8.9
Armour         | 4 |  4.4
Dodging        | |  0.5
Shields        | |  3.5

Action                   |  1- 3 |  4- 6 |  7- 9 || total
-------------------------+-------+-------+-------++-------
Melee: War axe           |   111 |     6 |       ||   117
       Broad axe         |       |   150 |    13 ||   163
       Battleaxe         |       |       |    40 ||    40
Invok: Convert to Beogh  |       |       |     1 ||     1
  Use: Scroll            |       |       |     7 ||     7
Armor: Scale mail        |     8 |       |       ||     8
       Chain mail        |    80 |    82 |       ||   162
       Plate armour      |       |       |    23 ||    23
Dodge: Dodged            |    40 |    73 |    30 ||   143
Block: Buckler           |    24 |    34 |     3 ||    61
       Other             |       |       |    15 ||    15
